TOP OF THE 1ST |
Louisiana Dragoons batting - Pitching for South Beach Blaze : RHP Carlos Ortega
|
Pitching: RHP Carlos Ortega
|
|
Batting: RHB Sancho Rodríguez
|
0-0: Ball 1-0: Ground out 5-3 (Groundball, 5)
|
Batting: SHB Francisco Valentín
|
0-0: Fly out, F7 (Flyball, 78M)
|
Batting: RHB Wessel Wemerman
|
0-0: Ground out U3 (Groundball, 3L)
|
Top of the 1st over - 0 run(s), 0 hit(s), 0 error(s), 0 left on base; Louisiana 0 - South Beach 0 |
BOTTOM OF THE 1ST |
South Beach Blaze batting - Pitching for Louisiana Dragoons : RHP Nicholas Beyer
|
Pitching: RHP Nicholas Beyer
|
|
Batting: RHB Sergio Anruvio
|
0-0: Ball 1-0: Ball 2-0: Ball 3-0: Base on Balls
|
Batting: LHB Jacob Herman
|
0-0: Ball 1-0: Ball 2-0: Ball 3-0: Called Strike 3-1: Ground out 1-3 (Groundball, 34S) Sergio Anruvio to second
|
Batting: RHB Marcos Reyes
|
0-0: Ground out 5-3 (Groundball, 5S) Sergio Anruvio to third
|
Batting: RHB Arlen Joysey
|
0-0: Ball 1-0: Ball 2-0: Fly out, F8 (Flyball, 8LS)
|
Bottom of the 1st over - 0 run(s), 0 hit(s), 0 error(s), 1 left on base; Louisiana 0 - South Beach 0 |
TOP OF THE 2ND |
Louisiana Dragoons batting - Pitching for South Beach Blaze : RHP Carlos Ortega
|
Batting: LHB Juan Gabriel
|
0-0: Ball 1-0: Foul Ball, location: 2F 1-1: Called Strike 1-2: Ball 2-2: Ball 3-2: SINGLE (Groundball, 4MD)
|
Batting: RHB Roberto Hernández
|
0-0: Ball 1-0: Foul Ball, location: 2F 1-1: Ball 2-1: Foul Ball, location: 2F 2-2: Ball 3-2: Base on Balls Juan Gabriel to second
|
Batting: RHB Marshall Lamar
|
0-0: Swinging Strike 0-1: Ball 1-1: Ball 2-1: Swinging Strike 2-2: Foul Ball, location: 2F 2-2: Foul Ball, location: 2F 2-2: Ball 3-2: Foul Ball, location: 2F 3-2: Fly out, F6 (Popup, 6M)
|
Batting: RHB Kevin Johnson
|
0-0: Foul Ball, location: 2F 0-1: Called Strike 0-2: Foul Ball, location: 2F 0-2: Foul Ball, location: 2F 0-2: Grounds into double play, 5-4-3 (Groundball, 56)
|
Top of the 2nd over - 0 run(s), 1 hit(s), 0 error(s), 1 left on base; Louisiana 0 - South Beach 0 |
BOTTOM OF THE 2ND |
South Beach Blaze batting - Pitching for Louisiana Dragoons : RHP Nicholas Beyer
|
Batting: RHB Leonardo Ramírez
|
0-0: Foul Ball, location: 2F 0-1: Ball 1-1: SOLO HOME RUN (Flyball, 8RXD), Distance : 446 ft
|
Batting: RHB Vincente Rotham
|
0-0: Ball 1-0: Called Strike 1-1: Ball 2-1: Foul Ball, location: 2F 2-2: Ground out 6-3 (Groundball, 56)
|
Batting: RHB Dimian Menres
|
0-0: Called Strike 0-1: Ball 1-1: Fly out, F7 (Flyball, 7M)
|
Batting: RHB Omar Schuler
|
0-0: SINGLE (Groundball, 13) (infield hit)
|
Batting: RHB Larry van Rey
|
0-0: Called Strike 0-1: SINGLE (Line Drive, 56D) Omar Schuler to second
|
Batting: RHB Sergio Anruvio
|
0-0: Ball 1-0: Foul Ball, location: 2F 1-1: Called Strike 1-2: Foul Ball, location: 2F 1-2: Fly out, F9 (Line Drive, 9S)
|
Bottom of the 2nd over - 1 run(s), 3 hit(s), 0 error(s), 2 left on base; Louisiana 0 - South Beach 1 |
TOP OF THE 3RD |
Louisiana Dragoons batting - Pitching for South Beach Blaze : RHP Carlos Ortega
|
Batting: RHB Fernando Rutledge
|
0-0: Swinging Strike 0-1: Called Strike 0-2: Foul Ball, location: 2F 0-2: Ball 1-2: Ball 2-2: Foul Ball, location: 2F 2-2: Foul Ball, location: 2F 2-2: Foul Ball, location: 2F 2-2: Fly out, F6 (Line Drive, 6)
|
Batting: RHB Jaime Cruz
|
0-0: Ball 1-0: Ball 2-0: Swinging Strike 2-1: SINGLE (Line Drive, 56)
|
Batting: RHB Sancho Rodríguez
|
0-0: Ball 1-0: Ball Jaime Cruz steals 2nd base 2-0: Ground out 5-3 (Groundball, 56)
|
Batting: SHB Francisco Valentín
|
0-0: Ground out 3-1 (Groundball, 34S)
|
Top of the 3rd over - 0 run(s), 1 hit(s), 0 error(s), 1 left on base; Louisiana 0 - South Beach 1 |
BOTTOM OF THE 3RD |
South Beach Blaze batting - Pitching for Louisiana Dragoons : RHP Nicholas Beyer
|
Batting: LHB Jacob Herman
|
0-0: Ball 1-0: Called Strike 1-1: Ground out 3-1 (Groundball, 34S)
|
Batting: RHB Marcos Reyes
|
0-0: Called Strike 0-1: Ground out 6-3 (Groundball, 6)
|
Batting: RHB Arlen Joysey
|
0-0: Foul Ball, location: 2F 0-1: Foul Ball, location: 2F 0-2: Ball 1-2: Ground out 4-3 (Groundball, 4)
|
Bottom of the 3rd over - 0 run(s), 0 hit(s), 0 error(s), 0 left on base; Louisiana 0 - South Beach 1 |
TOP OF THE 4TH |
Louisiana Dragoons batting - Pitching for South Beach Blaze : RHP Carlos Ortega
|
Batting: RHB Wessel Wemerman
|
0-0: Called Strike 0-1: Ball 1-1: Ball 2-1: Ground out 6-3 (Groundball, 6)
|
Batting: LHB Juan Gabriel
|
0-0: Foul Ball, location: 2F 0-1: Ball 1-1: Ball 2-1: Ground out U3 (Groundball, 3S)
|
Batting: RHB Roberto Hernández
|
0-0: Called Strike 0-1: Swinging Strike 0-2: Strikes out swinging
|
Top of the 4th over - 0 run(s), 0 hit(s), 0 error(s), 0 left on base; Louisiana 0 - South Beach 1 |
BOTTOM OF THE 4TH |
South Beach Blaze batting - Pitching for Louisiana Dragoons : RHP Nicholas Beyer
|
Batting: RHB Leonardo Ramírez
|
0-0: Fly out, F4 (Popup, 4D)
|
Batting: RHB Vincente Rotham
|
0-0: Ball 1-0: Ball 2-0: Ground out 4-3 (Groundball, 4M)
|
Batting: RHB Dimian Menres
|
0-0: Ball 1-0: Called Strike 1-1: Foul Ball, location: 2F 1-2: Fly out, F9 (Flyball, 89M)
|
Bottom of the 4th over - 0 run(s), 0 hit(s), 0 error(s), 0 left on base; Louisiana 0 - South Beach 1 |
TOP OF THE 5TH |
Louisiana Dragoons batting - Pitching for South Beach Blaze : RHP Carlos Ortega
|
Batting: RHB Marshall Lamar
|
0-0: Swinging Strike 0-1: Foul Ball, location: 2F 0-2: Ground out 6-3 (Groundball, 6)
|
Batting: RHB Kevin Johnson
|
0-0: Ball 1-0: Ball 2-0: Swinging Strike 2-1: Ball 3-1: Base on Balls
|
Batting: RHB Fernando Rutledge
|
0-0: Grounds into double play, 6-4-3 (Groundball, 6M)
|
Top of the 5th over - 0 run(s), 0 hit(s), 0 error(s), 0 left on base; Louisiana 0 - South Beach 1 |
BOTTOM OF THE 5TH |
South Beach Blaze batting - Pitching for Louisiana Dragoons : RHP Nicholas Beyer
|
Batting: RHB Omar Schuler
|
0-0: Ball 1-0: Ball 2-0: Called Strike 2-1: Called Strike 2-2: Strikes out swinging
|
Batting: RHB Larry van Rey
|
0-0: Ball 1-0: Ball 2-0: Foul Ball, location: 2F 2-1: Called Strike 2-2: Ball 3-2: SINGLE (Flyball, 7LM)
|
Batting: RHB Sergio Anruvio
|
0-0: Ball 1-0: Ball 2-0: Ball 3-0: Base on Balls Larry van Rey to second
|
Batting: LHB Jacob Herman
|
0-0: Called Strike 0-1: Ball 1-1: Swinging Strike 1-2: Ball 2-2: Fly out, F6 (Popup, 6D)
|
Batting: RHB Marcos Reyes
|
0-0: Ground out U3 (Groundball, 3S)
|
Bottom of the 5th over - 0 run(s), 1 hit(s), 0 error(s), 2 left on base; Louisiana 0 - South Beach 1 |
TOP OF THE 6TH |
Louisiana Dragoons batting - Pitching for South Beach Blaze : RHP Carlos Ortega
|
Batting: RHB Jaime Cruz
|
0-0: Foul Ball, location: 2F 0-1: Ball 1-1: Foul Ball, location: 2F 1-2: Fly out, F9 (Flyball, 9M)
|
Batting: RHB Sancho Rodríguez
|
0-0: Ball 1-0: Ball 2-0: Called Strike 2-1: Called Strike 2-2: SINGLE (Groundball, 5L)
|
Batting: SHB Francisco Valentín
|
0-0: Called Strike 0-1: Ball 1-1: Swinging Strike 1-2: Fielders Choice at 2nd, 4-6 (Groundball, 34)
|
Batting: RHB Wessel Wemerman
|
0-0: Fielders Choice at 2nd, 6-4 (Groundball, 6)
|
Top of the 6th over - 0 run(s), 1 hit(s), 0 error(s), 0 left on base; Louisiana 0 - South Beach 1 |
BOTTOM OF THE 6TH |
South Beach Blaze batting - Pitching for Louisiana Dragoons : RHP Nicholas Beyer
|
Batting: RHB Arlen Joysey
|
0-0: SINGLE (Flyball, 78S)
|
Batting: RHB Leonardo Ramírez
|
0-0: Called Strike 0-1: Foul Ball, location: 2F 0-2: Ball 1-2: Foul Ball, location: 2F 1-2: SINGLE (Groundball, 6MD) Arlen Joysey to second
|
Batting: RHB Vincente Rotham
|
0-0: SINGLE (Line Drive, 9S) Arlen Joysey to third Leonardo Ramírez to second
|
Batting: RHB Dimian Menres
|
0-0: Grounds into fielders choice 5-2 (Groundball, 5L) Leonardo Ramírez to third Vincente Rotham to second
|
Batting: RHB Omar Schuler
|
0-0: Ball 1-0: SINGLE (Groundball, 34D) Leonardo Ramírez scores Vincente Rotham to third Dimian Menres to second Runner from 3rd tries for Home, SAFE, no throw or cutoff
|
Batting: RHB Larry van Rey
|
0-0: Called Strike Dimian Menres steals 3rd base Omar Schuler to second 0-1: Ball 1-1: Ball 2-1: Fly out, F6 (Popup, 6M)
|
Batting: RHB Sergio Anruvio
|
0-0: Foul Ball, location: 2F 0-1: Foul Ball, location: 2F 0-2: Ball 1-2: Foul Ball, location: 2F 1-2: Ball 2-2: Strikes out swinging
|
Bottom of the 6th over - 2 run(s), 4 hit(s), 0 error(s), 2 left on base; Louisiana 0 - South Beach 3 |
TOP OF THE 7TH |
Louisiana Dragoons batting - Pitching for South Beach Blaze : RHP Carlos Ortega
|
Batting: LHB Juan Gabriel
|
0-0: Ball 1-0: Fly out, F7 (Flyball, 78D)
|
Batting: RHB Roberto Hernández
|
0-0: Swinging Strike 0-1: Foul Ball, location: 2F 0-2: Ground out 1-3 (Groundball, 13)
|
Batting: RHB Marshall Lamar
|
0-0: Ball 1-0: SINGLE (Line Drive, 4D)
|
Batting: RHB Kevin Johnson
|
0-0: Ball 1-0: Ball 2-0: Ball Wild Pitch! Marshall Lamar to second 3-0: Called Strike 3-1: Called Strike 3-2: Fly out, F8 (Flyball, 8LD)
|
Top of the 7th over - 0 run(s), 1 hit(s), 0 error(s), 1 left on base; Louisiana 0 - South Beach 3 |
BOTTOM OF THE 7TH |
South Beach Blaze batting - Pitching for Louisiana Dragoons : RHP Nicholas Beyer
|
Pitching: RHP Seishiro Sato
|
|
Batting: LHB Jacob Herman
|
0-0: SINGLE (Line Drive, 6MD)
|
Batting: RHB Marcos Reyes
|
0-0: Called Strike 0-1: Ball 1-1: Foul Ball, location: 2F 1-2: Ball 2-2: Foul Ball, location: 2F 2-2: Foul Ball, location: 2F 2-2: SINGLE (Flyball, 6MD) Jacob Herman to second
|
Batting: RHB Arlen Joysey
|
0-0: Ball 1-0: Ball 2-0: Ball 3-0: Base on Balls Jacob Herman to third Marcos Reyes to second
|
Batting: RHB Leonardo Ramírez
|
0-0: Ball 1-0: SINGLE (Groundball, 25) (infield hit) Jacob Herman scores Marcos Reyes to third Arlen Joysey to second
|
Batting: RHB Vincente Rotham
|
0-0: Ball 1-0: Swinging Strike 1-1: Fly out, F8 (Line Drive, 8LXD) Runner from 3rd tags up, SCORES, no throw
|
Batting: RHB Dimian Menres
|
0-0: Ball 1-0: Swinging Strike 1-1: Foul Ball, location: 2F 1-2: Ball 2-2: Ball 3-2: Base on Balls Arlen Joysey to third Leonardo Ramírez to second
|
Batting: RHB Omar Schuler
|
0-0: Ball 1-0: Called Strike 1-1: Grounds into double play, 4-6-3 (Groundball, 4)
|
Bottom of the 7th over - 2 run(s), 3 hit(s), 0 error(s), 2 left on base; Louisiana 0 - South Beach 5 |
TOP OF THE 8TH |
Louisiana Dragoons batting - Pitching for South Beach Blaze : RHP Carlos Ortega
|
Batting: RHB Fernando Rutledge
|
0-0: Called Strike 0-1: Ground out 1-3 (Groundball, 13S)
|
Batting: RHB Jaime Cruz
|
0-0: Fly out, F9 (Flyball, 89M)
|
Batting: RHB Sancho Rodríguez
|
0-0: Fly out, F9 (Flyball, 9D)
|
Top of the 8th over - 0 run(s), 0 hit(s), 0 error(s), 0 left on base; Louisiana 0 - South Beach 5 |
BOTTOM OF THE 8TH |
South Beach Blaze batting - Pitching for Louisiana Dragoons : RHP Seishiro Sato
|
Batting: RHB Larry van Rey
|
0-0: Ball 1-0: Ball 2-0: Foul Ball, location: 2F 2-1: Foul Ball, location: 2F 2-2: Foul Ball, location: 2F 2-2: Ball 3-2: Fly out, F6 (Popup, 5L)
|
Batting: RHB Sergio Anruvio
|
0-0: Called Strike 0-1: Ball 1-1: Ball 2-1: Foul Ball, location: 2F 2-2: Strikes out swinging
|
Batting: LHB Jacob Herman
|
0-0: Ground out 3-1 (Groundball, 34)
|
Bottom of the 8th over - 0 run(s), 0 hit(s), 0 error(s), 0 left on base; Louisiana 0 - South Beach 5 |
TOP OF THE 9TH |
Louisiana Dragoons batting - Pitching for South Beach Blaze : RHP Carlos Ortega
|
Batting: SHB Francisco Valentín
|
0-0: Called Strike 0-1: Swinging Strike 0-2: Ball 1-2: Strikes out looking
|
Batting: RHB Wessel Wemerman
|
0-0: Ball 1-0: Called Strike 1-1: Ball 2-1: Ball 3-1: Called Strike 3-2: Base on Balls
|
Pitching: LHP Justin Cooper
|
|
Batting: LHB Juan Gabriel
|
0-0: Swinging Strike 0-1: Ball 1-1: Swinging Strike 1-2: Ball 2-2: Strikes out looking
|
Batting: RHB Roberto Hernández
|
0-0: Ball 1-0: Ball 2-0: Foul Ball, location: 2F 2-1: Ball 3-1: Called Strike 3-2: Base on Balls Wessel Wemerman to second
|
Batting: RHB Marshall Lamar
|
0-0: Swinging Strike 0-1: Ball 1-1: Ball 2-1: Fly out, F8 (Flyball, 8RS)
|
Top of the 9th over - 0 run(s), 0 hit(s), 0 error(s), 2 left on base; Louisiana 0 - South Beach 5 |
|